 Dungeon Crawl Stone Soup version 0.26-a0-597-gb535b0901c (webtiles) character file.

Game seed: 4151835090932165855

1339 Lanoc the Insei (level 8, -3/68 HPs)
             Began as a Minotaur Transmuter on Aug 31, 2020.
             Was a Follower of Wu Jian.
             Slain by an orc warrior
             ... wielding a +0 morningstar
              (11 damage)
             ... on level 5 of the Dungeon.
             The game lasted 00:04:59 (4764 turns).

Lanoc the Insei (Minotaur Transmuter)               Turns: 4764, Time: 00:05:00

Health: -3/68      AC:  3    Str: 14    XL:     8   Next: 35%
Magic:  9/9        EV: 15    Int: 16    God:    Wu Jian [*.....]
Gold:   61         SH:  0    Dex: 14    Spells: 6/9 levels left

rFire    . . .     SeeInvis +   u - +8 mace of Kolimn {vamp, +Fly SInv Stlth+}
rCold    . . .     Faith    .   (no shield)
rNeg     . . .     Spirit   .   a - +0 robe
rPois    .         Reflect  .   (helmet restricted)
rElec    .         Harm     .   (no cloak)
rCorr    .                      j - +0 pair of gloves
MR       .....                  (no boots)
Stlth    ++........             (no amulet)
HPRegen  0.21/turn              i - +6 ring of intelligence
MPRegen  0.11/turn              (no ring)

@: slowed, very slow
A: retaliatory headbutt, horns 2
a: Renounce Religion, Evoke Flight


You were on level 5 of the Dungeon.
You worshipped Wu Jian.
Wu Jian was aware of your devotion.
You visited 2 branches of the dungeon, and saw 6 of its levels.

You collected 131 gold pieces.
You spent 70 gold pieces at shops.

Inventory:

Hand Weapons
 u - the +8 mace of Kolimn (weapon) {vamp, +Fly SInv Stlth+}
   (You found it on level 5 of the Dungeon)

   It inflicts no extra harm, but heals its wielder when it wounds a living foe.
   It lets you see invisible.
   It lets you fly.
   It makes you more stealthy.
Armour
 a - a +0 robe (worn)
 j - a +0 pair of gloves (worn)
Jewellery
 i - a +6 ring of intelligence (left hand)
Wands
 n - a wand of flame (25)
Scrolls
 b - a scroll of magic mapping {unknown}
 c - 5 scrolls of identify {unknown}
 d - 3 scrolls of teleportation {unknown}
 e - 2 scrolls of immolation {unknown}
 k - 2 scrolls of random uselessness {unknown}
 m - a scroll of amnesia {unknown}
 o - a scroll of enchant weapon {unknown}
 v - a scroll of remove curse {unknown}
Potions
 f - 2 potions of heal wounds
 g - a potion of invisibility {unknown}
 h - 4 potions of flight {unknown}
 l - 2 potions of ambrosia {unknown}
 p - a potion of haste {unknown}
 q - 2 potions of curing {unknown}
 r - 2 potions of might {unknown}
 s - 2 potions of cancellation {unknown}
 t - a potion of resistance {unknown}


   Skills:
 + Level 5.0 Fighting
 + Level 5.0 Dodging
 * Level 7.3 Unarmed Combat
 - Level 1.3 Spellcasting
 * Level 5.0 Transmutations


You had 6 spell levels left.
You knew the following spells:

 Your Spells              Type           Power        Failure   Level
a - Beastly Appendage     Tmut           ###...       2%          1
b - Wereblood             Tmut           ###.....     4%          2

Your spell library contained the following spells:

 Spells                   Type           Power        Failure   Level
 Spider Form              Tmut/Pois      #.........   24%         3
 Blade Hands              Tmut           ###.......   58%         5
 Ice Form                 Ice/Tmut       #.......     61%         4


Dungeon Overview and Level Annotations

Branches:
Dungeon (5/15)             Temple (1/1) D:4

Altars:
Ashenzari
Cheibriados
Dithmenos
Elyvilon
Fedhas
Gozag
Hepliaklqana
Kikubaaqudgha
Nemelex Xobeh
Okawaru
Qazlal
Ru
Sif Muna
Trog
Uskayaw
Vehumet
Wu Jian
Xom
Yredelemnul
Zin
The Shining One

Shops:
D:4 !


Innate Abilities, Weirdness & Mutations

You reflexively headbutt those who attack you in melee.
You have a pair of horns on your head.


Message History

Beogh smites you! The orc wizard barely misses you. The orc warrior misses you.
You hit the orc warrior.
The orc warrior is heavily wounded.
The orc wizard completely misses you. You furiously retaliate!
You headbutt the orc wizard, but do no damage.
The orc wizard hits you with a +0 dagger.
The orc warrior hits you with a +0 morningstar!
The orc wizard casts a spell.
The orc wizard blinks!
The orc warrior hits you with a +0 morningstar!
* * * LOW HITPOINT WARNING * * *
The orc priest calls upon Beogh to heal the orc warrior.
The orc warrior is healed somewhat.
The orc wizard casts a spell.
The orc wizard blinks!
You hit the orc warrior but do no damage.
Your headbutt misses the orc warrior.
The orc warrior is moderately wounded.
The orc warrior hits you with a +0 morningstar!
You die...

#... #..... #...
..... #... ....
#... .o. #...
#..####+#### #####
##ยง.#.......#
#.... #..)#.......#
#.... #...o@......#
#.... #...#o......#
#.... #...#.......#
#.... #...#.......#
#....
#+#########.......#
###....
............##'####
#..####
............#...#
#......
............#...#
#......
............#...#
#......


You could see an orc warrior and an orc priest.

Vanquished Creatures
  Sigmund (D:3)
  Edmund (D:5)
  5 ogres
  A centaur (D:5)
  An ice beast (D:5)
  A howler monkey (D:4)
  A bullfrog zombie (D:5)
  A hound (D:4)
  An orc priest (D:4)
  An iguana (D:5)
  3 orc wizards
  3 hound skeletons
  11 adders
  An ufetubus (D:5)
  2 worms
  2 dart slugs
  22 orcs
  5 goblins
  5 hobgoblins
  13 jackals
  3 kobolds
  A quokka (D:5)
  A ball python (D:4)
  4 bats
  2 frilled lizards
  A leopard gecko skeleton (D:4)
  4 rats
97 creatures vanquished.

Notes
Turn   | Place    | Note
-------+----------+-------------------------------------------
     0 | D:1      | Lanoc the Minotaur Transmuter began the quest for the Orb.
     0 | D:1      | Reached XP level 1. HP: 16/16 MP: 1/1
    85 | D:2      | Reached XP level 2. HP: 16/23 MP: 0/3
   323 | D:2      | Learned a level 2 spell: Wereblood
   352 | D:2      | Reached XP level 3. HP: 9/29 MP: 4/4
   746 | D:3      | Noticed Sigmund
   989 | D:2      | Reached skill level 4 in Unarmed Combat
  1062 | D:2      | You fall into a shaft and drop 1 floor!
  1212 | D:3      | Reached XP level 4. HP: 28/36 MP: 1/5
  1407 | D:3      | Killed Sigmund
  1407 | D:3      | Reached XP level 5. HP: 27/45 MP: 3/6
  1539 | D:3      | Reached skill level 5 in Unarmed Combat
  1787 | D:3      | Reached XP level 6. HP: 49/51 MP: 3/7
  2465 | D:4      | Found a staircase to the Ecumenical Temple.
  2510 | Temple   | Entered the Ecumenical Temple
  2648 | Temple   | Became a worshipper of the Wu Jian Council
  2706 | D:4      | Reached XP level 7. HP: 14/58 MP: 5/8
  3309 | D:4      | Found Ziohemma's Distillery.
  3312 | D:4      | Bought a potion of heal wounds for 70 gold pieces
  3370 | D:4      | Reached skill level 6 in Unarmed Combat
  3726 | D:5      | Entered Level 5 of the Dungeon
  3987 | D:5      | Noticed Edmund
  3995 | D:5      | Killed Edmund
  4092 | D:5      | Reached XP level 8. HP: 39/67 MP: 5/9
  4249 | D:5      | Reached skill level 7 in Unarmed Combat
  4446 | D:5      | Found a stormy altar of Qazlal.
  4524 | D:5      | Got a fine mace
  4525 | D:5      | Identified the +8 mace of Kolimn {vamp, +Fly SInv Stlth+}
                  | (You found it on level 5 of the Dungeon)
  4678 | D:5      | Reached skill level 5 in Fighting
  4678 | D:5      | Reached skill level 5 in Dodging
  4678 | D:5      | Reached skill level 5 in Transmutations
  4760 | D:5      | Reached * piety under Wu Jian
  4764 | D:5      | Slain by an orc warrior

Illustrated notes

Levels and vault maps discovered:
D:1:      minmay_arrival_split_and_join, layout_loops_ring
D:2:      layout_loops_ring, minmay_misc_feat_five, minivault_26,
          kennysheep_generic_room_11, uniq_robin
D:3:      layout_basic, uniq_sigmund
D:4:      layout_cave_pods, temple_statues, serial_shops,
          nicolae_shop_behind_doors
D:5:      layout_gridville, minmay_ruined_shrine, uniq_edmund
Temple:   dpeg_three_leaves_temple

Skill      XL: |  1  2  3  4  5  6  7  8 |
---------------+-------------------------+-----
Transmutations | 2 3 4 5 |  5.0
Fighting       | 2 3 4 5 |  5.0
Unarmed Combat | 4 5 6 7 |  7.3
Dodging        | 3 4 5 |  5.0
Spellcasting   | |  1.3

Action                   |  1- 3 |  4- 6 |  7- 9 || total
-------------------------+-------+-------+-------++-------
Melee: Unarmed           |    74 |    96 |    72 ||   242
       Kick              |     9 |    20 |    22 ||    51
       Headbutt          |     9 |    13 |    17 ||    39
       Punch             |       |     2 |     1 ||     3
       Mace              |       |       |    14 ||    14
 Cast: Beastly Appendage |    15 |    13 |    13 ||    41
       Wereblood         |     2 |     7 |     7 ||    16
Invok: Lunge             |       |     1 |     9 ||    10
 Stab: Sleeping          |       |       |     1 ||     1
Armor: Robe              |    20 |    20 |     7 ||    47
Dodge: Dodged            |    56 |    65 |    62 ||   183

Table legend: (Time is in decaauts)
 A = Elapsed time spent in this place.
 B = Non-inter-level travel time spent in this place.
 C = Inter-level travel time spent in this place.
 D = Time resting spent in this place.
 E = Time spent auto-exploring this place.
 F = Levels seen in this place.
 G = Mean time per level.
                   A        B        C        D        E       F      G
               +--------+--------+--------+--------+--------+-----+--------+
         Total |   4751 |   4630 |    121 |      0 |   4002 |   6 |  791.8 |
       Dungeon |   4599 |   4490 |    109 |      0 |   3891 |   5 |  919.8 |
        Temple |    151 |    139 |     12 |      0 |    111 |   1 |  151.0 |
               +--------+--------+--------+--------+--------+-----+--------+

Top non-repeatable levels by time:
     D:4: 1548 daAuts
     D:5: 1039 daAuts
     D:3: 1014 daAuts
     D:2: 986 daAuts
  Temple: 151 daAuts
     D:1: 10 daAuts
